Map: Magannatha LE

Players

Sindyr - Winner!

  • Race: Zerg Zerg
  • League: Master
  • Spawn Location: 11:00

AdiSkywalker

  • Race: Protoss Protoss
  • League: Gold
  • Spawn Location: 5:00

VOD

Have the link to the VOD?

Description

Time

  • Played on: Oct. 16, 2025, 11:08 a.m.
  • Length: 7:32
Show
View Real Time Build Order
Export as new Build Order

Sindyr Zerg - Winner!

Build Orders: Pool First 

Get SALT Encoding   

  12  0:02  Drone  
  13  0:11  Drone  
  14  0:16  Overlord  
  14  0:24  Extractor, Drone  
  14  0:35  Drone  
  15  0:38  Drone  
  16  0:48  Drone  
  17  0:53  Spawning Pool  
  16  1:04  Drone  
  17  1:23  Hatchery  
  16  1:26  Drone  
  16  1:29  Drone  
  18  1:35  Extractor  
  18  1:39  Drone  
  18  1:51  Queen  
  20  2:03  Drone x2  
  20  2:08  Overlord  
  22  2:28  Queen  
  24  2:31  Zergling x4  
  26  2:44  Queen  
  28  2:54  Drone x2  
  28  2:56  Drone  
  31  2:59  Drone  
  32  3:12  Metabolic Boost  
  32  3:14  Drone  
  32  3:15  Drone  
  32  3:17  Drone  
  35  3:40  Zergling x6  
  36  3:44  Overlord x2  
  30  3:54  Spine Crawler  
  29  4:07  Zergling x12  
  29  4:08  Zergling x2  
  33  4:21  Zergling x8  
  35  4:34  Zergling x2  
  35  4:37  Spine Crawler  
  35  4:38  Zergling x2  
  34  4:39  Zergling x2  
  34  4:42  Zergling x2  
  34  5:01  Drone x5  
  39  5:14  Zergling x6  
  39  5:22  Lair  
  37  5:54  Queen  
  37  5:55  Drone  
  37  5:56  Drone x2, Overlord  
  37  5:57  Overlord  
  42  6:04  Evolution Chamber  
  40  6:22  Overseer  
  40  6:28  Queen  
  40  6:42  Zergling x4  
  40  6:43  Zergling x14  
  48  6:51  Spire  
  37  7:15  Spore Crawler  
  34  7:18  Spore Crawler  
Show
View Real Time Build Order
Export as new Build Order

AdiSkywalker Protoss 

Build Orders:  

Get SALT Encoding   

  1  0:00  Probe  
  12  0:04  Probe  
  14  0:14  Probe  
  15  0:26  Pylon  
  15  0:29  Assimilator  
  15  0:55  Gateway  
  15  0:56  Gateway  
  15  0:57  Probe  
  16  1:05  Probe  
  17  1:13  Probe  
  18  1:21  Pylon  
  18  1:28  Probe  
  19  1:40  Probe  
  19  1:43  Zealot x2  
  19  1:45  Cybernetics Core  
  24  1:51  Assimilator  
  24  1:53  Probe  
  25  2:10  Zealot, Pylon  
  25  2:11  Zealot  
  29  2:18  Warp Gate  
  29  2:31  Probe  
  30  2:38  Stalker  
  30  2:39  Twilight Council  
  30  2:41  Pylon  
  32  2:45  Zealot  
  34  2:52  Probe  
  35  3:08  Sentry  
  35  3:09  Stalker  
  39  3:29  Pylon  
  39  3:32  Pylon  
  39  3:33  Zealot  
  33  4:22  Dark Shrine  
  33  4:26  Stargate  
  31  4:31  Nexus  
  31  4:34  Zealot x2  
  27  4:52  Pylon  
  27  4:56  Pylon  
  27  5:01  Forge  
  27  5:02  Pylon  
  27  5:05  Charge  
  27  5:07  Sentry  
  27  5:08  Sentry  
  23  5:33  Zealot x2  
  17  5:44  Oracle  
  8  5:56  Dark Templar  
  10  6:03  Probe  
  7  6:15  Probe  
  6  7:01  Probe  
Tags
 
Matchup
PvZ
Opening
Pool First
Replay Pack
Multiplayer
Spawn Locations
Cross Positions
Add a new tag
Caveats
  • Supply blocks, unpowered buildings, or Contaminate may cause inaccurate times.
  • Supply counts are checked every 10 seconds.